AoeStats
← fedegar50

Fortress

510466406Analyzed
1v1 RM · 2d ago on Oct 1, 2026· 20m 33s· 2 players
Game mode
Random Map
Map size
Small (3 player)
Population
200
Speed
Normal
Resources
Standard
Victory
Conquest
Starting age
Dark Age
Ending age
Imperial Age
RankedLock teamsTeams togetherTeam positionsShared explorationLock speedFull tech treeHidden civsTurbo modeCheats
Victory
Defeat
🇺🇾 Spanish · Uruguay
1057
+13
🇦🇷 Slavs · Argentina
1000
-40
cocowat0
4:39 Loom
8:00 Feudal Age
6:20 Loom
9:02 Horse Collar
9:13 Double-Bit Axe
10:14 Wheelbarrow
11:22 Scale Mail Armor
11:38 Gold Mining
11:43 Stone Mining
12:49 Town Watch
fedegar50
7:03 Feudal Age
6:05 Loom
13:38 Castle Age
12:27 Loom
13:22 Double-Bit Axe
13:20 Horse Collar
15:03 Bow Saw
Connection lost

Rejoining the realm…

Still unreachable

The connection could not be restored.

Session expired

The server has moved on; the page needs a fresh start.